 Dungeon Sprint DCSS version 0.30-a0-862-g1aabd4f9c5 (webtiles) character file.

Game seed: 16184795487650420514

0 rocky1 the Digger (level 2, -4/21 HPs)
             Began as a Demonspawn Earth Elementalist on Mar 9, 2023.
             Was a Follower of Sif Muna.
             Slain by Sigmund
             ... wielding a +0 scythe
              (11 damage)
             ... in the Dungeon (Sprint VI: "Thunderdome").
             The game lasted 00:01:46 (148 turns).

rocky1 the Digger (Demonspawn Earth Elementalist)    Turns: 148, Time: 00:01:47

Health: -4/21      AC:  2    Str:  8    XL:     2   Next: 24%
Magic:  3/5        EV: 12    Int: 16    God:    Sif Muna [*.....]
Gold:   110        SH:  0    Dex: 13    Spells: 5/6 levels left

rFire   . . .      SeeInvis .    (no weapon)
rCold   . . .      Faith    .    (no shield)
rNeg    . . .      Spirit   .    a - +0 robe
rPois   .          Reflect  .    (no helmet)
rElec   .          Rampage  .    (no cloak)
rCorr   .          NoTele   +    (no gloves)
Will    .....                    (no boots)
Stlth   ++                       (no amulet)
HPRegen 0.23/turn                (no ring)
MPRegen 0.09/turn                (no ring)

@: no status effects
A: spiny 1
a: Renounce Religion, Channel Magic


You were in the Dungeon.
You worshipped Sif Muna.
Sif Muna was aware of your devotion.
You visited 1 branch You collected 200 gold pieces.
You spent 90 gold pieces at shops.

Inventory:

Armour
 a - a +0 robe (worn)
Jewellery
 l - the amulet "Niclalok" {Faith -Tele Harm Rampage SInv}
   (You bought it in a shop in the Dungeon)

   [amulet of faith]

   It allows you to gain divine favour quickly.
   SInv:      It lets you see invisible.
   -Tele:     It prevents most forms of teleportation.
   Harm:      It increases damage dealt and taken.
   Rampage:   It bestows one free step when moving towards enemies.
 m - the amulet "Ahuoli" {Reflect +Inv SH+5}
   (You bought it in a shop in the Dungeon)

   [amulet of reflection]

   It reflects blocked missile attacks.
   +Inv:      It lets you turn invisible.
   SH:        It affects your SH (+5).
Wands
 i - a wand of light (5)
 j - a wand of roots (4)
Scrolls
 g - 4 scrolls of blinking
 k - 3 scrolls of fog
Potions
 b - 3 potions of magic
 c - a potion of curing
 d - 4 potions of heal wounds
 e - 4 potions of haste
 f - a potion of berserk rage
 h - a potion of resistance


   Skills:
 + Level 1.2 Fighting
 + Level 2.3 Dodging
 - Level 1.8 Stealth
 + Level 2.5 Spellcasting
 - Level 0.8 Transmutations
 * Level 3.8 Earth Magic
 + Level 1.8 Invocations


You had 5 spell levels left.
You knew the following spells:

 Your Spells              Type           Power      Damage    Failure   Level
a - Sandblast             Erth           28%        2d8       4%          1

Your spell library contained the following spells:

 Spells                   Type           Power      Damage    Failure   Level
 Passwall                 Tmut/Erth      7%         N/A       11%         2
 Stone Arrow              Conj/Erth      16%        3d8       26%         3
 Petrify                  Tmut/Erth      9%         N/A       58%         4


Dungeon Overview and Level Annotations

Branches:
Dungeon (1/1)

Altars:
Cheibriados
Dithmenos
Fedhas
Gozag
Kikubaaqudgha
Makhleb
Okawaru
Qazlal
Ru
Sif Muna
Trog
Uskayaw
Vehumet
Wu Jian
Xom
Yredelemnul
Lugonu

Shops:
D *[??*?*:[((!!!!

Annotations:
D Sigmund


Innate Abilities, Weirdness & Mutations

You are partially covered in sharp spines.


Message History

The blast of sand hits the adder!
You kill the adder!
Sif Muna accepts your kill.
You can now call upon Sif Muna for magical energy.
Your Fighting skill increases to level 1!
Your Invocations skill increases to level 1!
You have reached level 2!
Your demonic ancestry asserts itself...
Sharp spines emerge from parts of your body.
You start resting.
HP restored.
You start resting. 50...
Sigmund the Dreaded comes into view.
He is wielding a +0 scythe.
Sigmund shouts!
Aiming: Fastroot
Press: ? - help, Shift-Dir - straight line, f - Sigmund
Aim: Sigmund, wielding a +0 scythe and wearing a +0 robe The roots erupt in riotous growth!
Roots grab Sigmund.
The grasping roots constrict Sigmund.
Sigmund struggles to escape constriction.
Aiming: Sandblast (safe; 4% risk of failure)
Press: ? - help, Q - select action, (/) - cycle Shift-Dir - straight line, f/p - Sigmund
Aim: Sigmund, wielding a +0 scythe and wearing a +0 robe (moderately wounded, constricted by roots, 100% to hit)
The blast of sand hits Sigmund.
Sigmund is moderately wounded.
The grasping roots constrict Sigmund.
The roots release their grip on Sigmund.
Aiming: Sandblast (safe; 4% risk of failure)
Press: ? - help, Q - select action, (/) - cycle Shift-Dir - straight line, f/p - Sigmund
Aim: Sigmund, wielding a +0 scythe and wearing a +0 robe (heavily wounded, 80% to hit)
The blast of sand hits Sigmund.
Sigmund is severely wounded.
Sigmund points at you and mumbles some strange words.
The puff of flame hits you!
Ouch! That really hurt!
Sigmund hits you from afar with a +0 scythe!
Ouch! That really hurt!
You die...

#∩........8.# #.8........∩###
............###.............##
.........###...###..........⌠#
.........# #.<.# #..........⌠#
.........###...###..........⌠#
............###.............##
#∩........8.# #.8@.......∩###
##∩.._......###......___∩##
######.8.......@.8.######
#⌠...........⌠#
###.........### #_......._#
#_......._# #_........#
#∩.......∩# ##∩.....∩##
##.....##


You could see Sigmund.

Vanquished Creatures
  An adder (D)
  A ball python (D)
  A goblin (D)
  A jackal (D)
4 creatures vanquished.

Notes
Turn   | Place    | Note
-------+----------+-------------------------------------------
     0 | D        | rocky1 the Demonspawn Earth Elementalist began the quest
                  | for the Orb.
     0 | D        | Reached XP level 1. HP: 13/13 MP: 3/3
     4 | D        | Found a shimmering altar of Xom.
     5 | D        | Found a hide-covered altar of Uskayaw.
     5 | D        | Round 1.
     6 | D        | Found a burning altar of Makhleb.
     7 | D        | Found Ulaun's Identification Station.
     7 | D        | Found a stormy altar of Qazlal.
     7 | D        | Found a snail-covered altar of Cheibriados.
     8 | D        | Found Zetup's Advanced Armour.
     8 | D        | Found Dothriad's Jewellery.
    13 | D        | Reached skill level 3 in Earth Magic
    22 | D        | Bought a faintly glowing sapphire amulet for 45 gold pieces
    22 | D        | Identified the amulet "Niclalok" {Faith -Tele Harm Rampage
                  | SInv} (You bought it in a shop in the Dungeon)
    22 | D        | Bought a smoking lead amulet for 45 gold pieces
    22 | D        | Identified the amulet "Ahuoli" {Reflect +Inv SH+5} (You
                  | bought it in a shop in the Dungeon)
    29 | D        | Found an opulent altar of Gozag.
    30 | D        | Found a sacrificial altar of Ru.
    30 | D        | Found a bloodstained altar of Trog.
    30 | D        | Found Uckoicai's Premium Goods.
    30 | D        | Found Bihikhuc's Weapon Rack.
    31 | D        | Found Naerria's Miscellaneous Merchandise.
    31 | D        | Found Comuppyll's Basic Armour.
    34 | D        | Found a basalt altar of Yredelemnul.
    35 | D        | Found a shimmering blue altar of Sif Muna.
    36 | D        | Found a shadowy altar of Dithmenos.
    37 | D        | Found Uceloz's Do-It-Yourself Clinic.
    38 | D        | Found Nodimot's Bottled Wisdom.
    38 | D        | Found Masilele's Distillery.
    43 | D        | Became a worshipper of Sif Muna the Loreminder
    44 | D        | Found an iron altar of Okawaru.
    44 | D        | Found a blossoming altar of Fedhas.
    44 | D        | Found Soed's Distillery.
    52 | D        | Found an ornate altar of the Wu Jian Council.
    53 | D        | Found a radiant altar of Vehumet.
    54 | D        | Found a corrupted altar of Lugonu.
    56 | D        | Found Kudigh's Staff Store.
    57 | D        | Found an ancient bone altar of Kikubaaqudgha.
    57 | D        | Found Ciasovos's Magic Scroll Shop.
    59 | D        | Found Kaor's Must-Have Magic.
    59 | D        | Found Gawa's Magic Scroll Shop.
    95 | D        | Reached * piety under Sif Muna
    96 | D        | Reached skill level 1 in Fighting
    96 | D        | Reached skill level 1 in Invocations
    96 | D        | Gained mutation: You are partially covered in sharp spines.
                  | [demonic ancestry]
    96 | D        | Reached XP level 2. HP: 20/21 MP: 1/5
   142 | D        | Noticed Sigmund
   148 | D        | Slain by Sigmund

Illustrated notes

Levels and vault maps discovered:
D:        arena_sprint

Skill      XL: |  1 |
---------------+----+-----
Earth Magic    | 3 |  3.8
Dodging        | 2 |  2.3
Fighting       | 1 |  1.2
Invocations    | 1 |  1.8
Stealth        | |  1.8
Spellcasting   | |  2.5
Transmutations | |  0.8

Action                     || total
---------------------------++-------
   Cast: Sandblast         ||     7
  Evoke: Wand              ||     1

Table legend: (Time is in decaauts)
 A = Elapsed time spent in this place.
 B = Non-inter-level travel time spent in this place.
 C = Inter-level travel time spent in this place.
 D = Time resting spent in this place.
 E = Time spent auto-exploring this place.
 F = Levels seen in this place.
 G = Mean time per level.
                   A        B        C        D        E       F      G
               +--------+--------+--------+--------+--------+-----+--------+
         Total |    151 |    151 |      0 |     41 |      0 |   1 |  151.0 |
       Dungeon |    151 |    151 |      0 |     41 |      0 |   1 |  151.0 |
               +--------+--------+--------+--------+--------+-----+--------+

Top non-repeatable levels by time:
       D: 151 daAuts
